[Event "Team 45 45 League T31"]
[Site "Internet Chess Club"]
[Date "2006.07.01"]
[Round "2"]
[White "Zzasrix"]
[Black "kamu"]
[Result "1-0"]
[WhiteElo "1587"]
[BlackElo "1617"]
[TimeControl "2700+45"]

1. c4 Nf6 2. Nc3 e5 3. g3 Bb4 4. Bg2 O-O 5. Nf3 Nc6 6. O-O d6 7. a3 Bxc3 8. bxc3
Be6 9. d3 h6 10. Be3 Qd7 11. Rb1 b6 12. Qc2 d5 13. c5 Ng4 14. cxb6 Nxe3 15. fxe3
axb6 16. Ra1 f5 17. Nd2 e4 18. Nb3 Qd6 19. a4 Ra6 20. Ra2 Rfa8 21. Rfa1 Na5 22.
Nd4 Bd7 23. Nb5 Qc5 24. Kf2 Nb7 25. Qb3 Bxb5 26. axb5 Rxa2 27. Rxa2 Ra5 28. Rxa5
bxa5 29. dxe4 Nd6 30. exf5 Qxb5 31. Qxd5+ Qxd5 32. Bxd5+ Kf8 33. e4 a4 34. Ke3
a3 35. Kd4 Nb5+ 36. Kd3 Nd6 37. Kc2 Ke7 38. Kb3 Nb5 39. e3 Kf6 40. c4 Nd6 41.
Kxa3 Ke5 42. Kb4 Nxe4 43. Bxe4 Kxe4 44. Kc5 Kxe3 45. Kc6 Kd4 46. c5 Kc4 47. g4
Kd4 48. h4 Kc4 49. g5 Kd4 50. gxh6 gxh6 51. f6 {Black resigns} 1-0  aics% 
emcutting(340): cen LeChessclub aics%

[Event "Team 45 45 League T31"]
[Site "Internet Chess Club"]
[Date "2006.07.02"]
[Round "2"]
[White "stakastra"]
[Black "Bookkeeper"]
[Result "0-1"]
[WhiteElo "1557"]
[BlackElo "1538"]
[TimeControl "2700+45"]

1. e4 c5 2. Nc3 Nc6 3. f4 d6 4. Nf3 g6 5. Bc4 Bg7 6. O-O Nf6 7. d3 O-O 8. a3 Qb6
9. Kh1 Bg4 10. Qe1 Bxf3 11. Rxf3 Nd4 12. Rf2 Ng4 13. Rd2 e6 14. h3 Nf6 15. Rf2
Nh5 16. Kh2 Rad8 17. Qd1 Qc6 18. Ne2 b5 19. Ba2 Nxe2 20. Qxe2 Bd4 21. Rf3 Bg7
22. c3 a5 23. Be3 b4 24. axb4 cxb4 25. cxb4 axb4 26. Rc1 Qa6 27. Bc4 Qb7 28. Ra1
Ra8 29. Rxa8 Rxa8 30. Bb3 Ra1 31. d4 Nf6 32. e5 dxe5 33. fxe5 Nd5 34. Bg5 Qa7
35. Bxd5 exd5 36. Rd3 Qa6 37. Qd2 Qb5 38. Qe3 Bf8 39. e6 Qe8 40. e7 Bg7 41. Qf3
h6 42. Bf6 Re1 43. Bxg7 Kxg7 44. Qxd5 Qxe7 45. Rf3 Qc7+ 46. Qe5+ Rxe5 {White
resigns} 0-1  aics%

[Event "Team 45 45 League T31"]
[Site "Internet Chess Club"]
[Date "2006.07.04"]
[Round "2"]
[White "LIVVI"]
[Black "Trixi"]
[Result "1-0"]
[WhiteElo "1513"]
[BlackElo "1438"]
[TimeControl "2700+45"]

1. d4 d5 2. Nf3 e6 3. c4 c6 4. Bf4 Nf6 5. e3 Bb4+ 6. Nbd2 Nbd7 7. Qa4 Bxd2+ 8.
Nxd2 Nb6 9. Qb4 a5 10. Qd6 Qxd6 11. Bxd6 Bd7 12. f3 Nc8 13. Be5 b6 14. Be2 dxc4
15. Nxc4 Rg8 16. O-O Nd5 17. e4 b5 18. exd5 bxc4 19. dxc6 Bxc6 20. Bxc4 Nb6 21.
Bd3 Nd5 22. Kf2 Nb4 23. Rfd1 Kd7 24. Bxh7 Rh8 25. Bd3 f6 26. Bg3 Nxd3+ 27. Rxd3
Bb5 28. Rc3 Rac8 29. Rac1 Rc6 30. Rxc6 Bxc6 31. Rc5 Ra8 32. Ke3 a4 33. Kd2 a3
34. b3 Ra7 35. Kc3 g5 36. Kb4 f5 37. h4 f4 38. Bf2 g4 39. Rg5 gxf3 40. Rg7+ Kd6
41. Rxa7 fxg2 42. Ra6 Kd5 43. Rxc6 Kxc6 44. h5 f3 45. h6 {Black resigns} 1-0 
aics%

[Event "Team 45 45 League T31"]
[Site "Internet Chess Club"]
[Date "2006.06.28"]
[Round "2"]
[White "BorgCollective"]
[Black "HoHo"]
[Result "1-0"]
[WhiteElo "1905"]
[BlackElo "1683"]
[TimeControl "2700+45"]

1. f4 d5 2. Nf3 Nf6 3. e3 e6 4. b3 c5 5. Bb2 Be7 6. Bb5+ Bd7 7. Bxd7+ Qxd7 8.
O-O Nc6 9. d3 O-O 10. Ne5 Qc7 11. Nd2 Nd7 12. Nxd7 Qxd7 13. Qg4 d4 14. Nf3 Rfd8
15. Ne5 Nxe5 16. fxe5 Qc7 17. Qh5 Rd5 18. Qxf7+ Kh8 19. exd4 cxd4 20. Ba3 Rd7
21. Bxe7 Rg8 22. Qxg8+ Kxg8 23. Rf8# {Black checkmated} 1-0  aics%

[Event "Team 45 45 League T31"]
[Site "Internet Chess Club"]
[Date "2006.07.01"]
[Round "2"]
[White "Cotesita"]
[Black "smitty120"]
[Result "0-1"]
[WhiteElo "1577"]
[BlackElo "1728"]
[TimeControl "2700+45"]

1. d4 Nf6 2. c4 e6 3. Nc3 Bb4 4. Qc2 c5 5. dxc5 Nc6 6. Nf3 O-O 7. e4 Bxc3+ 8.
bxc3 Qa5 9. Bd3 e5 10. O-O Qxc5 11. a4 Re8 12. Ba3 Qa5 13. Rab1 Qc7 14. Rfd1 b6
15. c5 bxc5 16. Bxc5 Na5 17. Bb4 Nc6 18. Ba3 Na5 19. Nd2 Bb7 20. f3 d5 21. exd5
Nxd5 22. Nf1 Qxc3 23. Rxb7 Nxb7 24. Bxh7+ Kh8 25. Rxd5 Qxa3 26. Qf5 Re6 27. Qxf7
Qe7 28. Qf5 Nd6 29. Qd3 Rf8 30. Ng3 Qc7 31. Ne2 e4 32. Bxe4 Nxe4 33. fxe4 Qb6+
34. Rd4 Ref6 35. h3 Rd8 36. Kh2 Rxd4 37. Qxd4 Qxd4 38. Nxd4 Rf4 39. a5 Rxe4 40.
Nc6 a6 41. Kg3 Kg8 42. Kf3 Re6 43. Nd4 Rd6 44. Ke4 Kf7 45. Ke5 Rg6 46. g4 Rg5+
47. Kd6 Rxa5 48. Nc6 Rb5 49. h4 a5 50. Ne5+ Rxe5 {White resigns} 0-1  aics%

[Event "Team 45 45 League T31"]
[Site "Internet Chess Club"]
[Date "2006.07.02"]
[Round "2"]
[White "BartL"]
[Black "AntonioMendonca"]
[Result "0-1"]
[WhiteElo "1663"]
[BlackElo "1495"]
[TimeControl "2700+45"]

1. d4 g6 2. c4 Bg7 3. Nc3 Nf6 4. e4 d6 5. Nf3 O-O 6. Be2 c5 7. O-O cxd4 8. Nxd4
Nc6 9. Be3 Nxd4 10. Bxd4 Bd7 11. Qd3 b6 12. Nd5 Nxd5 13. exd5 Bf5 14. Qc3 Bxd4
15. Qxd4 Qc7 16. h4 Qc5 17. Qf4 e5 18. dxe6 fxe6 19. Qd2 Rad8 20. h5 gxh5 21.
Qg5+ Bg6 22. Qe7 Qe5 23. Bf3 Qxb2 24. Qxe6+ Bf7 25. Qe7 Bxc4 26. Be4 Qg7 27.
Qxg7+ Kxg7 28. Rfd1 d5 29. Bf3 h4 30. Bg4 Rf4 31. Bh3 d4 32. Rd2 Re8 33. Rad1 d3
34. Rxd3 Bxd3 35. Rxd3 Re1+ 36. Kh2 Rxf2 37. Rd4 Rxa2 38. Rxh4 a5 39. Rg4+ Kh8
40. Rd4 b5 41. Rd8+ Kg7 42. Rd7+ Kg6 43. Rd6+ Kf7 44. Rd7+ Re7 45. Rd3 a4 46.
Rf3+ Ke8 47. Rf4 Rae2 48. Rb4 R2e5 49. Bg4 a3 {White resigns} 0-1  aics%

[Event "Team 45 45 League T31"]
[Site "Internet Chess Club"]
[Date "2006.07.02"]
[Round "2"]
[White "peterdiplaros"]
[Black "Hastings"]
[Result "1-0"]
[WhiteElo "1462"]
[BlackElo "1308"]
[TimeControl "2700+45"]

1. d4 Nf6 2. Bf4 g6 3. Nf3 Bg7 4. c3 O-O 5. Nbd2 d6 6. e4 Re8 7. Qc2 a6 8. O-O-O
Nbd7 9. h3 b5 10. g4 Nb6 11. g5 Nfd7 12. h4 c5 13. d5 Bb7 14. h5 b4 15. hxg6
fxg6 16. c4 a5 17. Bh3 a4 18. Be6+ Kh8 19. Rh3 b3 20. Rxh7+ Kxh7 21. Rh1+ Bh6
22. Rxh6+ Kg7 23. Qc3+ Nf6 24. gxf6+ exf6 25. Ng5 Rh8 26. Nf7 bxa2 27. b3 a1=Q+
28. Qxa1 axb3 29. Qb2 Ra2 30. Rxh8 Qxh8 31. Nxh8 Rxb2 32. Kxb2 Kxh8 33. Bxd6 Ba6
34. Kxb3 Kg7 35. Bxc5 {Black resigns} 1-0  aics%

[Event "Team 45 45 League T31"]
[Site "Internet Chess Club"]
[Date "2006.06.29"]
[Round "2"]
[White "Tomate"]
[Black "cazj"]
[Result "1-0"]
[WhiteElo "1407"]
[BlackElo "1329"]
[TimeControl "2700+45"]

1. e4 e5 2. Nf3 Nc6 3. Bb5 Nf6 4. O-O Bc5 5. d3 d6 6. c3 O-O 7. Bxc6 bxc6 8. a4
Bg4 9. b4 Bxf2+ 10. Rxf2 Rb8 11. Bg5 d5 12. Qe1 Qd6 13. Bxf6 Qxf6 14. exd5 cxd5
15. Nxe5 Qg5 16. Nxg4 Qxg4 17. Na3 Rfe8 18. Qd2 Re6 19. Nb5 Rbe8 20. Nd4 R6e7
21. Raf1 h5 22. Rf3 h4 23. h3 Qd7 24. Qg5 Qxa4 25. Nf5 f6 26. Nxe7+ Rxe7 27.
Rxf6 {Black resigns} 1-0  aics%

[Event "Team 45 45 League T31"]
[Site "Internet Chess Club"]
[Date "2006.07.03"]
[Round "2"]
[White "markev"]
[Black "Dalcon"]
[Result "0-1"]
[WhiteElo "1317"]
[BlackElo "1380"]
[TimeControl "2700+45"]

1. d4 Nf6 2. e3 g6 3. Bd3 Bg7 4. Nd2 O-O 5. Ngf3 d6 6. h3 Nbd7 7. Ng5 h6 8. Nge4
e5 9. c3 d5 10. Ng3 e4 11. Bc2 c6 12. O-O b6 13. f3 exf3 14. Nxf3 c5 15. b3 cxd4
16. exd4 Re8 17. Ne2 Ba6 18. Re1 Ne4 19. Bb2 g5 20. Bd3 Bxd3 21. Qxd3 Qc7 22.
Qb5 Nef6 23. Rac1 a6 24. Qd3 b5 25. c4 dxc4 26. bxc4 b4 27. Qf5 Qd8 28. Ne5 Nxe5
29. dxe5 Nd7 30. Ng3 Re6 31. Nh5 a5 32. Rcd1 Qc7 33. Nf6+ Nxf6 34. exf6 Bf8 35.
Rxe6 fxe6 36. Qxe6+ Qf7 37. Qe4 Re8 38. Qc6 Re2 39. Rd7 Re6 40. Qb5 Qg6 41. f7+
Kh7 42. Kh2 Re7 43. Qd5 Rxd7 44. Qxd7 Qd6+ 45. Qxd6 Bxd6+ 46. Kh1 Kg6 47. Be5
Bf8 48. c5 Bxc5 49. Kh2 Kxf7 50. Kg3 a4 51. Kf3 b3 52. axb3 axb3 53. Ke2 Ke6 54.
Bb2 Kd5 55. Kd3 Bd6 56. Kc3 Be5+ 57. Kxb3 Bxb2 58. Kxb2 Ke4 59. Kc3 Ke3 60. Kc4
Kf4 61. Kd4 h5 62. g4 hxg4 63. hxg4 Kxg4 64. Ke5 Kf3 65. Kf5 g4 66. Kg5 g3 67.
Kh4 Kf2 68. Kh3 g2 69. Kh2 g1=R 70. Kh3 Rg8 71. Kh4 Kf3 72. Kh5 Kf4 73. Kh6 Rg1
74. Kh5 Rg2 75. Kh6 Kf5 76. Kh7 Kf6 77. Kh8 Kf7 78. Kh7 Rh2# {White checkmated}
0-1  aics%

[Event "Team 45 45 League T31"]
[Site "Internet Chess Club"]
[Date "2006.07.02"]
[Round "2"]
[White "fuzzface"]
[Black "houseofcook"]
[Result "0-1"]
[WhiteElo "1358"]
[BlackElo "1410"]
[TimeControl "2700+45"]

1. d4 Nf6 2. g3 d5 3. Bg2 c6 4. Bg5 Bf5 5. e3 Nbd7 6. Ne2 h6 7. Bxf6 Nxf6 8. O-O
e6 9. Nd2 Bd6 10. c3 O-O 11. f3 Re8 12. e4 dxe4 13. fxe4 Bh7 14. e5 Ng4 15. Rf3
Bc7 16. Nc4 Be4 17. Rf4 Bxg2 18. Rxg4 Bd5 19. Ne3 Bf3 20. Rf4 Bh5 21. Qf1 Bg6
22. Rf2 Qg5 23. Nf4 Bh7 24. Re1 Qe7 25. Qh3 Rf8 26. Nh5 Bg6 27. Ref1 Qg5 28. Nf4
f6 29. Nxg6 Qxg6 30. Qxe6+ Kh7 31. Qf5 Qxf5 32. Rxf5 Rae8 33. Ng2 Bd8 34. Re1
Re6 35. Nf4 Ree8 36. e6 Be7 37. c4 g6 38. Ra5 g5 39. Nd3 a6 40. c5 f5 41. Ne5
Rd8 42. Nd7 Rfe8 43. Re5 Kg6 44. h3 Bf6 45. Nxf6 Kxf6 46. Ra4 Rxe6 47. Rxe6+
Kxe6 48. Rb4 Rd7 49. Kf2 Kd5 50. b3 Re7 51. Kf3 h5 52. a4 a5 53. Rc4 Re4 54. Rc3
g4+ 55. hxg4 hxg4+ 56. Kf2 Rxd4 57. Re3 Kxc5 58. Rc3+ Kb4 59. Re3 f4 60. gxf4
Rxf4+ 61. Kg3 Rd4 62. Kh4 c5 63. Kg5 c4 64. Re5 Kxb3 65. Rxa5 c3 66. Ra7 Rb4 67.
Ra8 c2 68. Rc8 Rc4 69. Rb8 {White resigns} 0-1  aics%

[Event "Team 45 45 League T31"]
[Site "Internet Chess Club"]
[Date "2006.07.02"]
[Round "2"]
[White "EyeAm"]
[Black "Fogbound"]
[Result "1-0"]
[WhiteElo "1335"]
[BlackElo "1259"]
[TimeControl "2700+45"]

1. e4 g6 2. d4 Bg7 3. Nf3 d6 4. c4 Nd7 5. Nc3 e6 6. Bg5 Ne7 7. Bd3 f6 8. Be3 a6
9. O-O b6 10. Rb1 Bb7 11. Qd2 h6 12. b4 Nf8 13. a4 Qd7 14. c5 dxc5 15. bxc5 Nc8
16. cxb6 cxb6 17. d5 Qd6 18. dxe6 Nxe6 19. e5 fxe5 20. Bxg6+ Ke7 21. Qxd6+ Nxd6
22. Rxb6 Bxf3 23. gxf3 e4 24. Nd5+ Kd7 25. fxe4 Bd4 26. Bf5 Rag8+ 27. Kh1 Bxb6
28. Nf6+ Ke7 29. Nxg8+ Rxg8 30. Bxb6 Nxf5 31. exf5 Nf4 32. Rg1 Rg5 33. Be3 Rxf5
34. Rg7+ Kf8 35. Ra7 Nh3 36. Rxa6 Nxf2+ 37. Bxf2 Rxf2 38. Rxh6 Ra2 39. Ra6 Ke7
40. h4 Kd7 41. h5 Rf2 42. h6 Rf4 43. Kg2 Rg4+ 44. Kf3 Rh4 45. Kg3 Rh1 46. Kg4
Kc7 47. Kf5 Kb7 48. Re6 Rf1+ 49. Kg6 Rg1+ 50. Kf7 Rh1 51. Rg6 Rh5 52. Kg7 Rh4
53. h7 Kc8 54. a5 Rh5 55. a6 Kb8 56. h8=Q+ Rxh8 57. Kxh8 Ka7 58. Kg7 Ka8 59. Kf7
Ka7 60. Ke7 Ka8 61. Kd7 Ka7 62. Rc6 Ka8 63. Kc7 Ka7 64. Rb6 Ka8 65. Kc6 Ka7 66.
Kb5 Ka8 67. Ka5 Ka7 68. Rb7+ Ka8 69. Rf7 Kb8 70. Rf8+ Ka7 71. Rf7+ Ka8 72. Kb6
Kb8 73. Rf8# {Black checkmated} 1-0  aics%

[Event "Team 45 45 League T31"]
[Site "Internet Chess Club"]
[Date "2006.07.02"]
[Round "2"]
[White "ffplayer"]
[Black "CDGuyHall"]
[Result "1-0"]
[WhiteElo "1198"]
[BlackElo "1163"]
[TimeControl "2700+45"]

1. d4 d5 2. c4 Nf6 3. Nc3 e6 4. Bg5 Bb4 5. Rc1 dxc4 6. e4 O-O 7. e5 Qd5 8. Bxf6
gxf6 9. exf6 Nc6 10. Nf3 e5 11. dxe5 Qe4+ 12. Be2 Bg4 13. O-O Bxf3 14. Nxe4
{Black resigns} 1-0

[Event "Team 45 45 League T31"]
[Site "Internet Chess Club"]
[Date "2006.06.30"]
[Round "2"]
[White "Loco-Motif"]
[Black "Boromir"]
[Result "0-1"]
[WhiteElo "1935"]
[BlackElo "1907"]
[TimeControl "2700+45"]

1. d4 d5 2. c4 dxc4 3. Qa4+ c6 4. Qxc4 Bf5 5. Nc3 Nf6 6. f3 e6 7. e4 Bg6 8. Be3
Nbd7 9. Qb3 Qb6 10. Qa3 Bxa3 {White forfeits on time} 0-1  aics%

[Event "Team 45 45 League T31"]
[Site "Internet Chess Club"]
[Date "2006.07.03"]
[Round "2"]
[White "JohnnySP"]
[Black "Ulrika"]
[Result "1-0"]
[WhiteElo "1844"]
[BlackElo "1596"]
[TimeControl "2700+45"]

1. e4 c5 2. Nf3 Nc6 3. d4 cxd4 4. Nxd4 g6 5. c4 Bg7 6. Be3 Nf6 7. Nc3 O-O 8. Be2
d6 9. O-O a6 10. Qd2 Bd7 11. Rab1 Rb8 12. f3 Nxd4 13. Bxd4 b5 14. cxb5 axb5 15.
a3 Qa5 16. Be3 Rfc8 17. Rfc1 b4 18. Na2 Rxc1+ 19. Rxc1 Bb5 20. Bxb5 Qxb5 21.
Qxb4 Qxb4 22. Nxb4 e6 23. Rc2 d5 24. exd5 Nxd5 25. Nxd5 exd5 26. b4 d4 27. Bd2
Ra8 28. a4 Rxa4 29. Rc8+ Bf8 30. Bh6 {Black resigns} 1-0  aics%

[Event "Team 45 45 League T31"]
[Site "Internet Chess Club"]
[Date "2006.07.04"]
[Round "2"]
[White "Sean"]
[Black "mickeys"]
[Result "1/2-1/2"]
[WhiteElo "1597"]
[BlackElo "1734"]
[TimeControl "2700+45"]

1. c4 e6 2. g3 d5 3. cxd5 exd5 4. Bg2 f5 5. e3 Nf6 6. Nc3 Be7 7. Nge2 O-O 8. O-O
c6 9. a3 Nbd7 10. Nd4 Nc5 11. Qc2 Nce4 12. Nce2 Bd7 13. Nf4 Qc8 14. b4 a6 15.
Bb2 g5 16. Nd3 Bd6 17. f3 Nxg3 18. hxg3 Bxg3 19. Ne2 Bd6 20. Kf2 Qe8 21. Rh1 Qg6
22. Rag1 Rae8 23. Nc5 Bc8 24. Ke1 Kf7 25. Bxf6 Kxf6 26. Nb3 Ke7 27. Nbd4 Kd8 28.
Kd1 Bd7 29. Kc1 Re7 30. Nb3 Kc7 31. Nc5 Qf6 32. Nxd7 Kxd7 33. Kd1 Qa1+ 34. Qc1
Qg7 35. Rh3 h6 36. Rgh1 Rh8 37. Qc2 Qg6 38. Rh5 Rf7 39. Qc3 Rhh7 40. Qc2 Be5 41.
f4 Bf6 42. fxg5 Bxg5 43. Bf3 Qf6 44. Qc3 Qd6 45. Qc5 Qc7 46. Qc2 Qe5 47. Qc3 Qd6
48. R5h3 Bf6 49. Qc2 Bg5 50. Bh5 Rf8 51. Rf3 Qf6 52. Rhf1 Qa1+ 53. Qc1 Qxc1+ 54.
Kxc1 f4 55. Nxf4 Rg7 56. Bg4+ Kd6 57. Ne6 Rxf3 58. Rxf3 Rg6 59. Nxg5 Rxg5 60.
Bc8 Kc7 61. Bh3 h5 62. Rf7+ Kb8 63. Rh7 Re5 64. Bc8 Kxc8 65. Kc2 Kb8 66. Kd3 Ka7
67. Kd4 Rg5 68. Kc5 Rg2 69. d3 Re2 70. Rxh5 Rxe3 71. Kd4 Re1 72. Kc3 Kb6 73. Rh4
Kb5 74. Kb3 Ra1 75. Kb2 Rd1 76. Kc2 Rg1 77. Kb3 Rb1+ 78. Kc2 Ra1 79. Kb2 Rd1 80.
Kc2 Ra1 81. Kb2 {Game drawn by repetition} 1/2-1/2  aics%

[Event "Team 45 45 League T31"]
[Site "Internet Chess Club"]
[Date "2006.06.30"]
[Round "2"]
[White "pokerram"]
[Black "Spady"]
[Result "0-1"]
[WhiteElo "1652"]
[BlackElo "1595"]
[TimeControl "2700+45"]

1. e4 c5 2. Nf3 d6 3. d4 cxd4 4. Nxd4 Nf6 5. Nc3 a6 6. f4 e5 7. Nf3 Nbd7 8. a4
Qc7 9. Bd3 Nc5 10. O-O Nxd3 11. cxd3 g6 12. Kh1 Bg7 13. h3 Nh5 14. Qe1 Nxf4 15.
Bxf4 exf4 16. Nd5 Qd8 17. d4 g5 18. Rc1 O-O 19. Qf2 b5 20. axb5 axb5 21. Rc7 Re8
22. Qc2 g4 23. hxg4 Bxg4 24. Nxf4 Bxf3 25. gxf3 Qh4+ 26. Qh2 Qxh2+ 27. Kxh2 Bxd4
28. Rd1 Be5 29. Rg1+ Kf8 30. Kg3 d5 31. exd5 Bxc7 {White resigns} 0-1  aics%

[Event "Team 45 45 League T31"]
[Site "Internet Chess Club"]
[Date "2006.07.01"]
[Round "2"]
[White "fmvgvg"]
[Black "Zornorph"]
[Result "1-0"]
[WhiteElo "2029"]
[BlackElo "1948"]
[TimeControl "2700+45"]

1. e4 c6 2. d4 d5 3. Nc3 dxe4 4. Nxe4 Bf5 5. Nc5 Qc7 6. Bd3 Bg6 7. Nf3 e6 8. O-O
Bxc5 9. dxc5 Qa5 10. Bxg6 hxg6 11. Qd4 Nf6 12. Bd2 Qd8 13. Qc3 Rh5 14. Rad1 Rd5
15. Rfe1 Na6 16. b4 Nc7 17. Qa1 a5 18. c4 Rd3 19. Bf4 Na6 20. Qb1 Rxd1 21. Rxd1
Qc8 22. a3 axb4 23. axb4 Nb8 24. Bd6 Nbd7 25. Qb2 Ra4 26. Ne5 Nf8 27. Qd2 Qa8
28. Bxf8 Kxf8 29. Qd6+ Ke8 30. Qc7 {Black resigns} 1-0  aics%

[Event "Team 45 45 League T31"]
[Site "Internet Chess Club"]
[Date "2006.06.29"]
[Round "2"]
[White "Katzie"]
[Black "chipionero"]
[Result "1/2-1/2"]
[WhiteElo "1812"]
[BlackElo "1720"]
[TimeControl "2700+45"]

1. e4 c5 2. Nf3 d6 3. d4 cxd4 4. Nxd4 Nf6 5. Nc3 a6 6. f3 e5 7. Nb3 Be6 8. Bg5
Nbd7 9. Nd5 Bxd5 10. exd5 Be7 11. Be3 O-O 12. Bd3 Qc7 13. Rc1 b5 14. Qd2 Nb6 15.
Bxb6 Qxb6 16. Be4 Nxe4 17. fxe4 f5 18. Qf2 Qxf2+ 19. Kxf2 fxe4+ 20. Ke2 Bg5 21.
Rcf1 Rxf1 22. Rxf1 Rf8 23. Rxf8+ Kxf8 24. Nd2 Bxd2 25. Kxd2 Ke7 26. Ke3 Kd7 27.
Kxe4 Kc7 28. b3 Kb6 29. a3 Kc5 30. g4 g5 31. h3 a5 32. Kf5 Kxd5 33. Kxg5 Kd4 34.
h4 e4 35. Kf4 d5 36. h5 Kc3 37. g5 Kd2 38. g6 hxg6 39. hxg6 e3 40. g7 e2 41.
g8=Q e1=Q 42. Qxd5+ Kxc2 43. Qxb5 Qd2+ 44. Ke4 Qg2+ 45. Kd4 Qf2+ 46. Kd5 Qf3+
47. Kc5 Qxb3 48. Qc4+ Kb2 49. Qxb3+ Kxb3 50. a4 Kxa4 51. Kc4 {Game drawn by
mutual agreement} 1/2-1/2  aics%

[Event "Team 45 45 League T31"]
[Site "Internet Chess Club"]
[Date "2006.06.30"]
[Round "2"]
[White "blancaas"]
[Black "kabindra"]
[Result "0-1"]
[WhiteElo "1882"]
[BlackElo "1860"]
[TimeControl "2700+45"]

1. d4 d5 2. c4 e6 3. Nc3 Be7 4. Nf3 Nf6 5. Bg5 Nc6 6. e3 O-O 7. Bd3 Nb4 8. Be2
dxc4 9. Bxc4 Nbd5 10. Qc2 c6 11. e4 Nb4 12. Qd1 b5 13. Be2 h6 14. Bh4 Na6 15. e5
Nd5 16. Bxe7 Qxe7 17. O-O Nf4 18. Rc1 Bb7 19. Re1 Nxe2+ 20. Rxe2 Rfd8 21. Rd2
Nc7 22. Ne4 Rab8 23. Nd6 Ba8 24. b4 Ne8 25. Nxe8 Rxe8 26. a3 Rbd8 27. h3 Rf8 28.
Rc3 f6 29. exf6 Qxf6 30. Ne5 c5 31. Rxc5 Rxd4 32. Rxd4 Qxf2+ {White resigns} 0-1
 aics%

[Event "Team 45 45 League T31"]
[Site "Internet Chess Club"]
[Date "2006.06.29"]
[Round "2"]
[White "Two-DogMan"]
[Black "egd01"]
[Result "0-1"]
[WhiteElo "1503"]
[BlackElo "1513"]
[TimeControl "2700+45"]

1. e4 c5 2. Nf3 d6 3. Be2 a6 4. c4 Nc6 5. Nc3 e5 6. d3 f5 7. Bg5 Be7 8. Bxe7
Ngxe7 9. Nd5 Qa5+ 10. Qd2 Qxd2+ 11. Nxd2 Nxd5 12. cxd5 Nd4 13. Bd1 f4 14. O-O
Bd7 15. Nf3 Nxf3+ 16. Bxf3 g5 17. h3 h5 18. Be2 Ke7 19. f3 Rhg8 20. Kf2 g4 21.
hxg4 hxg4 22. g3 Raf8 23. Rh1 fxg3+ 24. Kg2 gxf3+ 25. Bxf3 Rg7 26. Raf1 Bb5 27.
Be2 Rfg8 28. Rh6 Bd7 29. Rhf6 Bh3+ 30. Kxh3 g2 31. Rf7+ Kd8 32. Rxg7 gxf1=Q+ 33.
Bxf1 Rxg7 34. Kh2 Kc7 35. b3 Kb6 36. Be2 Ka5 37. a3 b5 38. Bd1 Kb6 39. Be2 a5
40. Bf1 a4 41. bxa4 b4 42. axb4 cxb4 43. Be2 Ka5 44. Bd1 Rb7 45. Bb3 Rc7 46. Bc4
Kxa4 47. Kg2 Rf7 48. d4 exd4 49. e5 dxe5 50. d6 Rd7 51. Bd5 Rxd6 52. Be4 b3 53.
Bb1 d3 54. Kf2 e4 55. Ke1 Ka3 56. Kd2 Kb2 57. Bxd3 Rxd3+ {White resigns} 0-1 
aics%

[Event "Team 45 45 League T31"]
[Site "Internet Chess Club"]
[Date "2006.07.02"]
[Round "2"]
[White "curtintime"]
[Black "Just-Jim"]
[Result "0-1"]
[WhiteElo "1361"]
[BlackElo "1397"]
[TimeControl "2700+45"]

1. e4 e5 2. Nf3 Nc6 3. Bc4 h6 4. d3 Bc5 5. c3 Nf6 6. b4 Bb6 7. Ba3 d6 8. Nbd2
Ng4 9. O-O O-O 10. h3 Nf6 11. Nb3 Be6 12. Bxe6 fxe6 13. d4 Nxe4 14. dxe5 Nxc3
15. Qd3 Nd5 16. exd6 cxd6 17. Rad1 Qf6 18. Qc4 Qg6 19. b5 Nf4 20. Nh4 Nxh3+ 21.
Kh2 Qf6 22. Kxh3 Ne5 23. Qe2 g5 24. Bxd6 g4+ 25. Kg3 Bd8 26. Rh1 Qf4# {White
checkmated} 0-1  aics%

[Event "Team 45 45 League T31"]
[Site "Internet Chess Club"]
[Date "2006.07.03"]
[Round "2"]
[White "JustinZ"]
[Black "slakkjaw"]
[Result "0-1"]
[WhiteElo "1312"]
[BlackElo "1252"]
[TimeControl "2700+45"]

1. e4 e5 2. Nf3 Nc6 3. Bb5 Nf6 4. O-O d5 5. Nxe5 Bd7 6. exd5 Nxe5 7. Bxd7+ Qxd7
8. Nc3 Nxd5 9. Nxd5 Qxd5 10. Re1 O-O-O 11. d4 f6 12. Bf4 Qxd4 13. Qxd4 Rxd4 14.
Bxe5 fxe5 15. Rxe5 Bd6 16. c3 Bxe5 17. cxd4 Bxd4 18. Rb1 Rd8 19. Kf1 c5 20. b3
b5 21. Rc1 Kb7 22. h4 g6 23. g3 Rf8 24. Rc2 Kb6 25. Ke2 Rxf2+ 26. Kd3 Rxc2 27.
Kxc2 Bf2 28. g4 Bxh4 29. Kd3 h5 30. gxh5 gxh5 31. Ke4 Ka5 32. Kd5 Bf2 33. Ke4
Kb4 34. Kf3 Bd4 35. Ke4 h4 36. Kf3 a5 37. Kg4 Ka3 38. Kxh4 Kxa2 39. Kg4 Kxb3 40.
Kf3 a4 41. Ke2 a3 42. Kd1 a2 43. Kc1 a1=Q+ 44. Kd2 Qb2+ 45. Kd3 Qc2# {White
checkmated} 0-1

[Event "Team 45 45 League T31"]
[Site "Internet Chess Club"]
[Date "2006.06.30"]
[Round "2"]
[White "wellfred"]
[Black "Gomer"]
[Result "1/2-1/2"]
[WhiteElo "1159"]
[BlackElo "1270"]
[TimeControl "2700+45"]

1. e4 e5 2. Nf3 Nc6 3. d4 exd4 4. Nxd4 Nf6 5. Nxc6 bxc6 6. Bd3 Bc5 7. h3 d5 8.
O-O O-O 9. e5 Ne4 10. Bxe4 dxe4 11. Qxd8 Rxd8 12. Re1 Bb6 13. Nc3 Bd4 14. Bg5
Rd7 15. Rxe4 c5 16. Be3 Bb7 17. Rg4 Bxc3 18. bxc3 Rd5 19. Rc4 Rxe5 20. Rxc5 Rxc5
21. Bxc5 a6 22. a3 Be4 23. Re1 Bxc2 24. Re7 Rc8 25. g3 c6 26. h4 g6 27. Bd4 c5
28. Bf6 Ba4 29. Be5 Re8 30. Rxe8+ Bxe8 31. Bd6 c4 32. Bb4 f5 33. f4 Kf7 34. Kf2
Ke6 35. Ke3 Kd5 36. Ba5 Kc5 37. Bb4+ Kb5 38. Kd4 a5 39. Bc5 Ka4 40. Kxc4 Bf7+
41. Kd4 Kb3 42. Kd3 a4 43. Bb4 {Game drawn by mutual agreement} 1/2-1/2  aics%

[Event "Team 45 45 League T31"]
[Site "Internet Chess Club"]
[Date "2006.07.04"]
[Round "2"]
[White "Rubacchus"]
[Black "Traho"]
[Result "1-0"]
[WhiteElo "1318"]
[BlackElo "1352"]
[TimeControl "2700+45"]

1. e4 c6 2. d4 d5 3. Nc3 dxe4 4. Nxe4 Nd7 5. Nf3 Ngf6 6. Nxf6+ Nxf6 7. Bc4 e6 8.
O-O b5 9. Bb3 Bd6 10. Bg5 O-O 11. Ne5 Bb7 12. Bxf6 Qxf6 13. Nd7 Qe7 14. Nxf8
Rxf8 15. c3 Rd8 16. Qd3 a6 17. Rae1 c5 18. Bc2 g6 19. f4 cxd4 20. cxd4 Bc5 21.
Qh3 Bxd4+ 22. Kh1 Qc5 23. Re2 Qc4 24. Qd3 Qxd3 25. Bxd3 Bxb2 26. Be4 Bxe4 27.
Rxe4 Rd2 28. h3 Rd6 29. a4 f5 30. Re2 Ba3 31. axb5 axb5 32. Rc2 b4 33. Rf3 Kf7
34. Rc7+ Kf6 35. g4 Rb6 36. g5# {Black checkmated} 1-0  aics%

[Event "Team 45 45 League T31"]
[Site "Internet Chess Club"]
[Date "2006.06.29"]
[Round "2"]
[White "Toalla"]
[Black "t-hobbes"]
[Result "1-0"]
[WhiteElo "1402"]
[BlackElo "1272"]
[TimeControl "2700+45"]

1. Nf3 d5 2. g3 Nf6 3. Bg2 Nc6 4. O-O e5 5. d3 Bc5 6. Bg5 Be6 7. Nc3 h6 8. Bxf6
Qxf6 9. e3 O-O-O 10. Nxe5 Nxe5 11. d4 Bd6 12. dxe5 Bxe5 13. Qd2 d4 14. Ne4 Qe7
15. Qa5 Bc4 16. Qxa7 b6 17. Nd2 Qc5 18. Nxc4 Qxc4 19. Bh3+ Qe6 20. Bxe6+ fxe6
21. Qa8+ Kd7 22. Qe4 Kd6 23. exd4 Bf6 24. Rad1 Ke7 25. Rfe1 Rd6 26. c3 Kf7 27.
Rd3 Re8 28. f4 g5 29. Qh7+ Bg7 30. fxg5 hxg5 31. Rf3+ Ke7 32. Qxg7+ Kd8 33.
Qxg5+ Kc8 34. Qg4 Kb8 35. Rf6 Rdd8 36. Rexe6 Rg8 37. Rg6 Rgf8 38. h4 c5 39.
Rxb6+ Ka7 40. dxc5 Rf7 41. Qa4# {Black checkmated} 1-0  aics%  MaX40(71): aun
tienes ke llegar a los 33 aics%

[Event "Team 45 45 League T31"]
[Site "Internet Chess Club"]
[Date "2006.07.02"]
[Round "2"]
[White "AtomicDog"]
[Black "fabill"]
[Result "1-0"]
[WhiteElo "1257"]
[BlackElo "1156"]
[TimeControl "2700+45"]

1. d4 e6 2. c4 c5 3. d5 d6 4. Nc3 e5 5. Nf3 h6 6. Be3 b6 7. g3 Nf6 8. Qc2 Be7 9.
Bg2 Ng4 10. Bd2 Ba6 11. b3 Nd7 12. O-O Bb7 13. h3 Ngf6 14. Rab1 Rb8 15. b4 a6
16. bxc5 Nxc5 17. Na4 Bc8 18. Nxc5 dxc5 19. Nxe5 Bb7 20. Rfc1 Bd6 21. Bf4 O-O
22. Rd1 Rc8 23. Nc6 Qc7 24. Bxd6 Qxd6 25. Rxb6 Rc7 26. Rdb1 Bc8 27. e4 Nd7 28.
f4 Nxb6 29. Rxb6 f6 30. e5 fxe5 31. fxe5 Qg6 32. Qxg6 {Black resigns} 1-0  aics%